 Dungeon Crawl Stone Soup version 0.29-a0-82-g837932c90e (webtiles) character file.

Game seed: 5252646613726872445

4354 porpoise the Fighter (level 10, -4/78 HPs)
             Began as a Djinni Conjurer on Feb 5, 2022.
             Was an Initiate of Ashenzari.
             Shot with an arrow by a centaur warrior (18 damage)
             ... on level 8 of the Dungeon.
             The game lasted 00:44:15 (11496 turns).

porpoise the Fighter (Djinni Conjurer)             Turns: 11496, Time: 00:44:20

Health: -4/78      AC:  4    Str:  8    XL:     10   Next: 60%
Gold:   580        EV: 13    Int: 22    God:    Ashenzari [......] SH:  0 Dex: 12

rFire   + + .      SeeInvis .   b - +1 hand crossbow
rCold   x . .      Faith    .   (no shield)
rNeg    . . .      Spirit   .   h - +0 robe
rPois   ∞          Reflect  .   (no helmet)
rElec   .          Harm     .   v - +1 cloak
rCorr   .          Rampage  .   (no gloves)
Will    +....                   (boots unavailable)
Stlth   +++.......              (no amulet)
HPRegen 0.23/turn               (no ring)
MPRegen 0.00/turn               (no ring)

@: flying
A: sickness immunity, fire resistance 2, cold vulnerability 1, float, innate
caster, HP casting, extra vitality 1
a: Renounce Religion


You were on level 8 of the Dungeon.
You worshipped Ashenzari.
Ashenzari was noncommittal.
You visited 2 branches of the dungeon, and saw 9 of its levels.
You also visited: Ossuary.

You collected 580 gold pieces.

Inventory:

Hand Weapons
 a - a +1 spectral club
 b - a +1 hand crossbow (weapon)
 t - a +0 hunting sling
Missiles
 d - 126 stones
 g - 81 bolts (quivered ammo)
 m - a throwing net
 p - 22 poisoned darts
 q - 31 sling bullets
 s - 111 arrows
 w - 3 atropa-tipped darts
Armour
 h - a +0 robe (worn)
 v - a +1 cloak (worn)
 C - a scarf of repulsion
Magical Staves
 k - a staff of earth
Wands
 e - a wand of digging (16)
 n - a wand of paralysis (9)
 y - a wand of flame (22)
 G - a wand of polymorph (2)
Scrolls
 c - 4 scrolls of teleportation
 f - a scroll of magic mapping
 i - a scroll of identify
 l - a scroll of enchant weapon
 u - 2 scrolls of enchant armour
 B - a scroll of blinking {unknown}
 E - a scroll of acquirement {unknown}
 F - a scroll of noise
Potions
 j - 2 potions of curing
 o - a potion of brilliance
 r - 3 potions of mutation
 x - a potion of might {unknown}
 z - a potion of invisibility {unknown}
 A - a potion of ambrosia {unknown}
 D - a potion of lignification {unknown}


   Skills:
 * Level 9.1 Fighting
 + Level 4.6 Dodging
 - Level 5.0 Stealth
 * Level 7.1 Spellcasting
 - Level 5.0 Evocations


You couldn't memorise any spells.
You knew the following spells:

 Your Spells              Type           Power      Damage    Failure   Level
a - Magic Dart            Conj           100%       1d8       1%          1
b - Searing Ray           Conj           78%        2d7       1%          2
c - Fulminant Prism       Conj/Hex       19%        3d11      4%          4
d - Iskenderun's Mystic   Conj/Tloc      39%        2d9       4%          4
e - Summon Guardian Gole  Hex/Summ       39%        N/A       1%          3
i - Call Imp              Summ           39%        N/A       1%          2
l - Dazzling Flash        Conj/Hex       78%        N/A       1%          3
p - Beastly Appendage     Tmut           78%        N/A       1%          1
z - Ozocubu's Armour      Ice            39%        N/A       1%          3
Your spell library was empty.

Dungeon Overview and Level Annotations

Branches:
Dungeon (8/15)             Temple (1/1) D:7         Ossuary (visited)
   Lair: D:8-11

Altars:
Ashenzari
Cheibriados
Dithmenos
Elyvilon
Fedhas
Gozag
Kikubaaqudgha
Nemelex Xobeh
Okawaru
Qazlal
Sif Muna
Trog
Uskayaw
Vehumet
Wu Jian
Xom
Yredelemnul
Zin
The Shining One


Innate Abilities, Weirdness & Mutations

You are immune to sickness and miasma.
You are immune to poison.
Your flesh is very heat resistant. (rF++)
You are vulnerable to cold. (rC-)
You float through the air rather than walking.
You learn spells naturally, not from books.
Your magical power is your life essence.
You have superior vitality. (+4 MHP)


Message History

Aiming: Fulminant Prism (dangerous; 4% risk of failure)
Press: ? - help, Dir - move target You conjure a prism of explosive energy!
A fulminant prism comes into view.
An orc priest comes into view. It is wielding a +0 club.
The centaur warrior shoots an arrow.
The arrow hits your fulminant prism!
Your fulminant prism detonates feebly.
The orc priest shouts!
An orc comes into view. It is wielding a +0 flail.
There is an open door here.
Casting: Fulminant Prism (dangerous; 4% risk of failure)
Confirm with . or Enter, or press ? or * to list all spells.
Aiming: Fulminant Prism (dangerous; 4% risk of failure)
Press: ? - help, Dir - move target You conjure a prism of explosive energy!
The centaur warrior shouts!
A fulminant prism comes into view.
The centaur warrior shoots an arrow.
The arrow hits you!!
You hear a shout!
The centaur warrior shoots an arrow.
The arrow hits your fulminant prism!!
Your fulminant prism detonates feebly.
You hear a shout!
Casting: Fulminant Prism (dangerous; 4% risk of failure)
Confirm with . or Enter, or press ? or * to list all spells.
Aiming: Fulminant Prism (dangerous; 4% risk of failure)
Press: ? - help, Dir - move target
Okay, then.
Okay, then.
Unknown command.
Unknown command.
Casting: Fulminant Prism (dangerous; 4% risk of failure)
Confirm with . or Enter, or press ? or * to list all spells.
Aiming: Fulminant Prism (dangerous; 4% risk of failure)
Press: ? - help, Dir - move target You conjure a prism of explosive energy!
A fulminant prism comes into view.
The centaur warrior shoots an arrow.
The arrow hits you!
* * * LOW HITPOINT WARNING * * *
The centaur warrior shoots an arrow.
The arrow hits you!!
You die...

#.....#.##.#.#.......
####'##.#.##.#.####.#..
#............#.# #.#..
#.########.c.....#....#.#
##.#..
#........'...[...####.#.#
#.....
###..#.#.#....*..####.#.#
#..#.# #
#.#.#####..........###..#.#
#.#.# ##..####........###
#.#.# #@.####.#......#
..c## #.........########
#.o #.>####...#######. ...
##.####........##. .c
#####.#..........###. ##(
.............###.###.
####..#.##.#.###.....
#.................
###..#..###.###.##.#


You could see a centaur warrior (ally target) and a friendly fulminant prism.

Vanquished Creatures
  Harold (D:6)
  A deep elf pyromancer (D:7)
  A steam dragon (D:8)
  2 water moccasins
  2 orc warriors (D:7)
  3 sky beasts
  2 black bears
  An ice beast (D:6)
  An ogre (D:5)
  2 centaurs
  2 phantoms
  2 kobold brigands
  3 bullfrogs
  Blork the orc (D:6)
  2 scorpions
  A water moccasin skeleton (D:4)
  6 killer bees
  6 jellies
  3 centaur zombies
  3 orc priests
  3 hounds
  2 bullfrog skeletons
  A centaur skeleton (D:5)
  Jessica (D:2)
  2 iguanas
  4 orc wizards
  A hound skeleton (D:4)
  8 mummies (Ossuary)
  11 adders
  A white imp (D:6)
  2 worms
  2 dart slugs
  7 orcs
  A bat zombie (D:5)
  11 endoplasms
  5 giant cockroaches
  A gnoll zombie (Ossuary)
  9 goblins
  5 hobgoblins
  25 kobolds
  4 quokkas
  7 ball pythons
  6 bats
  4 frilled lizards
  4 hobgoblin zombies (Ossuary)
  A kobold zombie (Ossuary)
  2 orc zombies (Ossuary)
  A rat (D:3)
  3 rat zombies (D:5)
179 creatures vanquished.

Vanquished Creatures (others)
  11 fulminant prisms
  9 fungi (D:4)
  8 toadstools (D:4)
28 creatures vanquished.

Grand Total: 207 creatures vanquished

Notes
Turn   | Place    | Note
-------+----------+-------------------------------------------
     0 | D:1      | porpoise the Djinni Conjurer began the quest for the Orb.
     0 | D:1      | Reached XP level 1. HP: 15/15 MP: 0/0
   308 | D:1      | Reached XP level 2. HP: 20/22 MP: 0/0
   588 | D:1      | Reached skill level 1 in Fighting
  1042 | D:2      | Reached XP level 3. HP: 25/27 MP: 0/0
  1042 | D:2      | Learned a level 1 spell: Beastly Appendage
  1461 | D:2      | Noticed Jessica
  1464 | D:2      | Killed Jessica
  1465 | D:2      | Reached skill level 2 in Fighting
  1465 | D:2      | Reached XP level 4. HP: 14/33 MP: 0/0
  2338 | D:2      | Reached XP level 5. HP: 37/39 MP: 0/0
  2338 | D:2      | Learned a level 2 spell: Call Imp
  3115 | D:3      | Found a faded altar of an unknown god.
  3219 | D:3      | Found a sparkling altar of Nemelex Xobeh.
  3499 | D:3      | Reached skill level 3 in Fighting
  3506 | D:3      | Found a snail-covered altar of Cheibriados.
  3683 | D:3      | Noticed a bullfrog
  3689 | D:3      | Killed a bullfrog
  3690 | D:3      | Reached XP level 6. HP: 32/46 MP: 0/0
  4332 | D:4      | Reached skill level 4 in Fighting
  4370 | D:4      | Reached XP level 7. HP: 29/52 MP: 0/0
  4370 | D:4      | Learned a level 3 spell: Ozocubu's Armour
  5551 | D:5      | Entered Level 5 of the Dungeon
  5558 | D:5      | Reached skill level 5 in Spellcasting
  5716 | D:5      | Found a sand-covered staircase.
  5723 | Ossuary  | Entered an ossuary
  5831 | Ossuary  | Reached skill level 5 in Fighting
  5850 | Ossuary  | Reached XP level 8. HP: 59/59 MP: 0/0
  7140 | D:6      | Noticed Blork the orc
  7146 | D:6      | Killed Blork the orc
  7353 | D:6      | Reached skill level 6 in Fighting
  8076 | D:6      | Reached XP level 9. HP: 43/67 MP: 0/0
  8076 | D:6      | Learned a level 3 spell: Summon Guardian Golem
  8384 | D:6      | Reached skill level 7 in Fighting
  8523 | D:6      | Found a white marble altar of Elyvilon.
  8820 | D:7      | Reached skill level 5 in Stealth
  8989 | D:7      | Found a broken altar of Ashenzari.
  9011 | D:7      | Reached skill level 1 in Evocations
  9125 | D:7      | Noticed Harold
  9404 | D:7      | HP: 3/70 [Harold (21)]
  9463 | D:6      | Killed Harold
  9464 | D:6      | Reached skill level 8 in Fighting
  9464 | D:6      | Reached XP level 10. HP: 9/77 MP: 0/0
 10186 | D:7      | Reached skill level 9 in Fighting
 10569 | D:7      | Found a staircase to the Ecumenical Temple.
 10579 | Temple   | Entered the Ecumenical Temple
 10659 | D:7      | Noticed a deep elf pyromancer
 10667 | D:7      | Killed a deep elf pyromancer
 10668 | D:7      | Reached skill level 5 in Evocations
 10692 | D:7      | Became a worshipper of Ashenzari the Shackled
 11075 | D:8      | Found a shimmering altar of Xom.
 11482 | D:8      | Noticed a centaur warrior
 11496 | D:8      | Shot with an arrow by a centaur warrior

Illustrated notes

Levels and vault maps discovered:
D:1:      onia_arrival_mini_maze_b, layout_basic
D:2:      layout_loops_ring, uniq_jessica
D:3:      layout_loops_cross, lemuel_coloured_pillars_altar,
          nicolae_overflow_ecumenical_swirl, lemuel_old_faithful
D:4:      cheibrodos_fertilizer, layout_rooms, nicolae_elevator_lobby_asterisk
D:5:      layout_basic, lemuel_zombie_altar_kikubaaqudgha,
          chequers_ossuary_entry_cave
D:6:      layout_gridville, elyvilon_altar_4, minmay_small_thing,
          uniq_blork_the_orc
D:7:      layout_rooms, mainiacjoe_overflow_cross_hatched,
          nicolae_ashenzari_skybound, minmay_temple_entry_slanted,
          chequers_serial_rivers_large_a, uniq_harold
D:8:      layout_basic, dk_xom_monty_hall, hangedman_decor_diamond_cutter
Temple:   nicolae_temple_x_marks_the_god

Skill      XL: |  1  2  3  4  5  6  7  8  9 10 |
---------------+-------------------------------+-----
Fighting       | 1 2 3 4 5 6 8 9 |  9.1
Stealth        | 2 3 4 5 |  5.0
Spellcasting   | 4 5 6 7 |  7.1
Evocations     | 3 5 |  5.0
Dodging        | 4 |  4.6

Action                   |  1- 3 |  4- 6 |  7- 9 | 10-12 || total
-------------------------+-------+-------+-------+-------++-------
Melee: Club              |       |     1 |     8 |       ||     9
       Hunting sling     |       |     1 |       |       ||     1
 Fire: Hunting sling     |       |    38 |     9 |       ||    47
       Hand crossbow     |       |       |    94 |    34 ||   128
 Cast: Magic Dart        |    19 |    38 |     2 |       ||    59
       Searing Ray       |     6 |    23 |    56 |    23 ||   108
       Fulminant Prism   |       |     1 |     5 |     6 ||    12
       Ozocubu's Armour  |       |       |     5 |       ||     5
       Iskenderun's Myst |       |       |    13 |     3 ||    16
       Call Imp          |       |       |     4 |       ||     4
       Dazzling Flash    |       |       |     3 |       ||     3
       Summon Guardian G |       |       |     2 |       ||     2
  Use: Scroll            |       |     1 |    16 |       ||    17
       Potion            |       |       |     6 |       ||     6
Armor: Robe              |       |     1 |    15 |     5 ||    21
Dodge: Dodged            |       |    12 |    39 |    10 ||    61

Table legend: (Time is in decaauts)
 A = Elapsed time spent in this place.
 B = Non-inter-level travel time spent in this place.
 C = Inter-level travel time spent in this place.
 D = Time resting spent in this place.
 E = Time spent auto-exploring this place.
 F = Levels seen in this place.
 G = Mean time per level.
                   A        B        C        D        E       F      G
               +--------+--------+--------+--------+--------+-----+--------+
         Total |  11579 |  11138 |    441 |   4711 |   4999 |  10 | 1157.9 |
       Dungeon |  11058 |  10625 |    433 |   4659 |   4765 |   8 | 1382.2 |
        Temple |     59 |     51 |      8 |      0 |     47 |   1 |   59.0 |
       Ossuary |    461 |    461 |      0 |     52 |    187 |   1 |  461.0 |
               +--------+--------+--------+--------+--------+-----+--------+

Top non-repeatable levels by time:
     D:6: 2349 daAuts
     D:2: 1657 daAuts
     D:4: 1639 daAuts
     D:7: 1336 daAuts
     D:3: 1309 daAuts
     D:5: 1068 daAuts
     D:1: 1033 daAuts
     D:8: 663 daAuts
 Ossuary: 461 daAuts
  Temple: 59 daAuts
